AoeStats
← Fugi

MegaRandom

509970141Analyzed
2v2 RM · 3d ago on Sep 28, 2026· 30m 23s· 4 players
Game mode
Random Map
Map size
Medium (4 player)
Population
200
Speed
Normal
Resources
Standard
Victory
Conquest
Starting age
Dark Age
Ending age
Imperial Age
RankedLock teamsTeams togetherTeam positionsShared explorationLock speedFull tech treeHidden civsTurbo modeCheats
Victory
Defeat
🇪🇸 Persians · Spain
1430
+13
🇪🇸 Lithuanians · Spain
1418
+14
🇪🇸 Persians · Spain
1406
-15
🇪🇸 Japanese · Spain
1343
-12
Fugi
8:55 Loom
10:40 Feudal Age
15:07 Castle Age
16:28 Double-Bit Axe
16:25 Horse Collar
18:55 Husbandry
22:06 Bow Saw
23:57 Wheelbarrow
24:48 Scale Barding Armor
26:01 Bloodlines
26:51 Forging
26:54 Town Watch
28:44 Iron Casting
28:08 Gold Mining
Hercules
7:35 Loom
9:48 Feudal Age
10:30 Double-Bit Axe
11:14 Fletching
16:17 Padded Archer Armor
22:31 Castle Age
21:46 Gold Mining
23:27 Bow Saw
22:40 Crossbowman
23:16 Bodkin Arrow
23:37 Leather Archer Armor
27:58 Ballistics
elgrantato
6:44 Loom
8:51 Feudal Age
9:18 Double-Bit Axe
9:26 Horse Collar
14:48 Fletching
18:01 Forging
20:39 Castle Age
19:25 Bloodlines
20:19 Forging
20:14 Scale Barding Armor
20:32 Light Cavalry
22:41 Bow Saw
23:46 Chain Barding Armor
[Kachop] Baryuan
5:28 Loom
8:39 Feudal Age
14:51 Forging
19:33 Castle Age
17:43 Double-Bit Axe
18:29 Horse Collar
18:38 Double-Bit Axe
19:08 Scale Barding Armor
19:04 Gold Mining
20:02 Bloodlines
20:57 Husbandry
22:15 Squires
24:47 Stone Mining
Connection lost

Rejoining the realm…

Still unreachable

The connection could not be restored.

Session expired

The server has moved on; the page needs a fresh start.